 Dungeon Crawl Stone Soup version 0.19.4-8-ga85b6b9 (webtiles) character file.

915 vatarom the Lightning Rod (level 7, -4/52 HPs)
             Began as a Demonspawn Monk on Feb 11, 2017.
             Was a Follower of Qazlal.
             Slain by a centaur (5 damage)
             ... on level 5 of the Dungeon.
             The game lasted 00:09:55 (5268 turns).

vatarom the Lightning Rod (Demonspawn Monk)         Turns: 5268, Time: 00:09:56

Health: -4/52      AC:  9    Str: 13    XL:     7   Next: 82%
Magic:  12/12      EV: 12    Int: 12    God:    Qazlal [*.....]
Gold:   267        SH:  2    Dex: 15    Spells: 0 memorised, 6 levels left

rFire  . . .     SeeInvis .     n - +2 mace (crush)
rCold  + . .     Gourm    .     f - +2 ring mail {rC+}
rNeg   . . .     Faith    .     (no shield)
rPois  .         Spirit   .     (no helmet)
rElec  .         Reflect  .     m - +0 cloak
rCorr  .         Harm     .     (no gloves)
MR     .....                    (no boots)
Stlth  +.........               (no amulet)
                                (no ring)
                                (no ring)

@: no status effects
A: demonic guardian 1, powered by pain 1
a: Renounce Religion


You were on level 5 of the Dungeon.
You worshipped Qazlal.
Qazlal was aware of your devotion.
You were not hungry.

You visited 2 branches of the dungeon, and saw 6 of its levels.

You collected 267 gold pieces.

Inventory:

Hand Weapons
 n - a +2 mace of crushing (weapon)
Armour
 b - a +0 robe
 f - a +2 ring mail of cold resistance (worn)
 m - a +0 cloak (worn)
Wands
 a - a wand of paralysis (9/24)
 j - a wand of slowing (30/48)
Scrolls
 d - a scroll of fog
 e - 2 scrolls of recharging
 g - 4 scrolls of identify
 k - a scroll of enchant armour {unknown}
 l - 2 scrolls of remove curse
Potions
 h - a potion of berserk rage
Comestibles
 c - a meat ration
 i - a beef jerky


   Skills:
 - Level 3.0 Fighting
 - Level 2.6 Maces & Flails
 - Level 5.3 Armour
 - Level 3.7 Dodging
 - Level 1.7 Stealth
 + Level 7.7 Invocations


You had 6 spell levels left.
You didn't know any spells.

Dungeon Overview and Level Annotations

Branches:
Dungeon (5/15)             Temple (1/1) D:4

Altars:
Ashenzari
Cheibriados
Fedhas
Gozag
Nemelex Xobeh
Okawaru
Qazlal
Ru
Trog
Uskayaw
Vehumet
Zin


Innate Abilities, Weirdness & Mutations

A weak demonic guardian rushes to your aid.
You sometimes gain a little power by taking damage.


Message History

The centaur shoots an arrow.
The arrow hits you.
* * * LOW HITPOINT WARNING * * *
You see here 2 arrows.
Unknown command.
Okay, then.
The water moccasin zombie is engulfed in freezing vapours.
The water moccasin zombie bites you!
* * * LOW HITPOINT WARNING * * *
There is an open door here.
Found a stone staircase leading up.
You thump the water moccasin zombie!
The water moccasin zombie is severely damaged.
The water moccasin zombie bites you.
* * * LOW HITPOINT WARNING * * *
The water moccasin zombie barely misses you.
You closely miss the water moccasin zombie.
The water moccasin zombie is severely damaged.
The centaur unwields an uncursed shortbow.
The centaur hits you.
You die...

######### #........
#........
#.....#........
#.....#........
#.....#........
#.....#.......< ..
#.....#@..........
#.....#Zc..###....
#.....#....###....
#.....'........(..
#....(#...........
#...((#...........
#.....#.....##...
........#.....#########
........#.............#


You could see a centaur and a water moccasin zombie.

Vanquished Creatures
  A phantom (D:5)
  An ice beast (D:5)
  A black bear (D:5)
  A scorpion (D:5)
  A crimson imp (D:5)
  A centaur skeleton (D:5)
  A hound (D:4)
  5 orc wizards
  An iguana (D:4)
  3 worker ants
  5 adders
  2 gnolls (D:3)
  4 oozes
  An adder skeleton (D:4)
  A worm (D:5)
  4 dart slugs (D:1)
  14 orcs
  A giant cockroach (D:1)
  10 goblins
  9 hobgoblins
  9 kobolds
  3 quokkas
  A ball python (D:3)
  6 bats
  8 frilled lizards
  3 rats
97 creatures vanquished.

Vanquished Creatures (collateral kills)
  An ice beast (D:3)
  An ogre (D:5)
  A gnoll (D:3)
  An orc (D:3)
4 creatures vanquished.

Grand Total: 101 creatures vanquished

Notes
Turn   | Place    | Note
-------+----------+-------------------------------------------
     0 | D:1      | vatarom the Demonspawn Monk began the quest for the Orb.
     0 | D:1      | Reached XP level 1. HP: 18/18 MP: 1/1
   411 | D:1      | Gained mutation: You sometimes gain a little power by taking damage. [demonic ancestry]
   411 | D:1      | Reached XP level 2. HP: 19/24 MP: 2/2
  1011 | D:1      | Reached XP level 3. HP: 27/29 MP: 3/3
  1464 | D:1      | Reached skill level 1 in Armour
  2003 | D:2      | Reached XP level 4. HP: 35/35 MP: 4/4
  2616 | D:3      | Gained mutation: A weak demonic guardian rushes to your aid. [demonic ancestry]
  2616 | D:3      | Reached XP level 5. HP: 34/41 MP: 5/5
  2691 | D:3      | Noticed an ice beast
  2710 | D:3      | Killed an ice beast
  3267 | D:3      | Reached XP level 6. HP: 40/47 MP: 6/6
  3573 | D:4      | Reached skill level 5 in Armour
  3740 | D:4      | HP: 1/70 [iguana (10)]
  3821 | D:4      | Found a staircase to the Ecumenical Temple.
  3925 | Temple   | Entered the Ecumenical Temple
  4032 | Temple   | Became a worshipper of Qazlal Stormbringer
  4032 | Temple   | Reached * piety under Qazlal
  4032 | Temple   | Reached ** piety under Qazlal
  4130 | D:4      | Reached skill level 1 in Invocations
  4238 | D:5      | Entered Level 5 of the Dungeon
  4249 | D:5      | Reached skill level 2 in Invocations
  4278 | D:4      | Reached skill level 3 in Invocations
  4637 | D:5      | Reached skill level 4 in Invocations
  4637 | D:5      | Reached XP level 7. HP: 52/52 MP: 8/10
  4665 | D:5      | Reached skill level 5 in Invocations
  4941 | D:5      | Reached skill level 6 in Invocations
  5106 | D:5      | Reached skill level 7 in Invocations
  5267 | D:5      | HP: 1/52 [water moccasin zombie (5)]
  5268 | D:5      | Slain by a centaur

Skill      XL: |  1  2  3  4  5  6  7 |
---------------+----------------------+-----
Dodging        | 3 |  3.7
Armour         | 2 3 4 5 |  5.3
Invocations    | 4 7 |  7.7
Fighting       | |  3.0
Maces & Flails | |  2.6
Stealth        | |  1.7

Action                   |  1- 3 |  4- 6 |  7- 9 || total
-------------------------+-------+-------+-------++-------
Melee: Mace              |   161 |   142 |    63 ||   366
       Flail             |       |   127 |       ||   127
Invok: Upheaval          |       |       |     2 ||     2
  Use: Potion            |     5 |     2 |       ||     7
       Scroll            |     4 |     3 |       ||     7
 Stab: Sleeping          |     2 |       |       ||     2
       Distracted        |       |     1 |     1 ||     2
  Eat: Bread ration      |     1 |     1 |       ||     2
       Chunk             |       |     3 |       ||     3
       Meat ration       |       |     1 |       ||     1
Armor: Robe              |    10 |       |       ||    10
       Ring mail         |    47 |   119 |    32 ||   198
Dodge: Dodged            |   128 |   173 |    32 ||   333
Block: Other             |       |     7 |     7 ||    14
